 Dungeon Crawl Stone Soup version 0.17.0-28-g6e173f8 (webtiles) character file.

40833 GeneralIdiocy the Fencer (level 13, -8/103 HPs)
             Began as a Demonspawn Gladiator on Nov 30, 2015.
             Was a High Priest of Ashenzari.
             Mangled by Agnes
             ... wielding a +0 lajatang of venom
              (9 damage)
             ... on level 15 of the Dungeon.
             The game lasted 00:36:20 (16788 turns).

GeneralIdiocy the Fencer (Demonspawn Gladiator)    Turns: 16788, Time: 00:36:20

Health: -8/103     AC: 17    Str: 26    XL:     13   Next: 76%
Magic:  0/29       EV: 14    Int: 17    God:    Ashenzari [*****.]
Gold:   881        SH: 14    Dex: 16    Spells: 0 memorised, 22 levels left

rFire  . . .     SeeInvis +     z - +3 scimitar (flame) (curse)
rCold  . . .     Clarity  +     E - +1 steam dragon armour (curse)
rNeg   + . .     SustAt   .     O - +0 shield (curse)
rPois  .         Gourm    .     P - +1 hat (curse)
rElec  .         Spirit   +     (no cloak)
rCorr  .         Warding  .     o - +0 pair of gloves (curse)
rMut   .         NoTele   +     G - +0 pair of boots (curse)
MR     .....                    q - amulet of rage (curse)
Stlth  +++.......               m - ring of magical power (curse)
                                C - ring "Loriuriorr" {-Tele rN+ Str+6 Int+4 Stlth+} (curse)

@: mighty, lethally poisoned (-8 -> -36), not resistant to hostile enchantments,
fairly stealthy
A: claws 1, horns 2, rough black scales 2, agile 1, breathe flames 1, wild magic
1, augmentation 1, magic shield
a: Scrying, Transfer Knowledge, Renounce Religion, Breathe Fire, Evoke Berserk
Rage


You were on level 15 of the Dungeon.
You worshipped Ashenzari.
Ashenzari was extremely pleased with you.
You were not hungry.

You visited 1 branch of the dungeon, and saw 15 of its levels.

You collected 881 gold pieces.

Inventory:

Hand Weapons
 z - a cursed +3 scimitar of flaming (weapon)
Missiles
 V - a throwing net (quivered)
Armour
 o - a cursed +0 pair of gloves (worn)
 E - a cursed +1 steam dragon armour (worn)
 G - a cursed +0 pair of boots (worn)
 O - a cursed +0 shield (worn)
 P - a cursed +1 hat (worn)
 X - a +0 large shield
Jewellery
 m - a cursed ring of magical power (right hand)
 q - a cursed amulet of rage (around neck)
 C - the cursed ring "Loriuriorr" (left hand) {-Tele rN+ Str+6 Int+4 Stlth+}
   (You found it on level 5 of the Dungeon)

   [ring of positive energy]

   It affects your strength (+6).
   It affects your intelligence (+4).
   It protects you from negative energy.
   It prevents most forms of teleportation.
   It makes you more stealthy.
   It has a curse placed upon it.
Wands
 h - a wand of hasting (0)
 J - a wand of polymorph (13)
 L - a wand of draining (0)
 M - a wand of lightning (0)
 R - a wand of frost (24)
 T - a wand of lightning (2)
 Z - a wand of polymorph (14)
Scrolls
 b - 2 scrolls of curse jewellery
 d - 2 scrolls of curse armour
 l - 4 scrolls of magic mapping
 p - 2 scrolls of fear
 r - a scroll of fog
 s - a scroll of identify
 t - 4 scrolls of noise
 w - 2 scrolls of remove curse
 x - a scroll of acquirement {unknown}
 y - a scroll of vulnerability {unknown}
 B - 3 scrolls of blinking
 D - a scroll of amnesia
 N - 6 scrolls of teleportation
 Y - a scroll of recharging
Potions
 c - a potion of degeneration
 f - 7 potions of curing
 g - 2 potions of cancellation
 i - 4 potions of brilliance
 j - a potion of magic
 k - 2 potions of agility
 u - 4 potions of poison
 v - a potion of cure mutation
 F - 2 potions of haste {unknown}
 Q - a potion of might
 S - a potion of flight {unknown}
Books
 a - a book of Fire

   Spells                             Type                      Level
   a - Ignite Poison                  Fire/Transmutation/Poison    3
   b - Fireball                       Conjuration/Fire             5
   c - Bolt of Fire                   Conjuration/Fire             6
   d - Delayed Fireball               Conjuration/Fire             7
   e - Ring of Flames                 Charms/Fire                  7
 n - a book of Cantrips

   Spells                             Type                      Level
   a - Corona                         Hexes                        1
   b - Animate Skeleton               Necromancy                   1
   c - Summon Small Mammal            Summoning                    1
   d - Apportation                    Translocation                1
 A - a book of Maledictions

   Spells                             Type                      Level
   a - Corona                         Hexes                        1
   b - Ensorcelled Hibernation        Hexes/Ice                    2
   c - Confuse                        Hexes                        3
   d - Tukima's Dance                 Hexes                        3
   e - Dazzling Spray                 Conjuration/Hexes            3
 H - a book of the Tempests

   Spells                             Type                      Level
   a - Static Discharge               Conjuration/Air              3
   b - Lightning Bolt                 Conjuration/Air              5
   c - Fireball                       Conjuration/Fire             5
   d - Tornado                        Air                          9
   e - Shatter                        Earth                        9
 W - a book of Callings

   Spells                             Type                      Level
   a - Summon Small Mammal            Summoning                    1
   b - Call Imp                       Summoning                    2
   c - Call Canine Familiar           Summoning                    3
   d - Summon Guardian Golem          Hexes/Summoning              3
   e - Summon Lightning Spire         Summoning/Air                4
   f - Summon Ice Beast               Ice/Summoning                4
Comestibles
 e - 11 bread rations
 K - 5 meat rations


   Skills:
 - Level 10.0 Fighting
 + Level 15.2(18.7) Long Blades
 - Level 1.7 Throwing
 - Level 5.4 Armour
 - Level 2.6(4.8) Dodging
 + Level 10.5(13.0) Shields
 - Level 5.0 Spellcasting


You had 22 spell levels left.
You didn't know any spells.

Dungeon Overview and Level Annotations

Branches:
Dungeon (15/15) Temple (0/1) D:4 Lair (0/8) D:9 Orc (0/4) D:11 Vaults (0/5) D:13 D:14 Depths (0/5) D:15

Altars:
Ashenzari
Cheibriados
Dithmenos
Fedhas
Kikubaaqudgha
Nemelex Xobeh
Qazlal
Sif Muna
Trog
Vehumet
Xom
Yredelemnul
Zin
The Shining One

Annotations:
D:15 Agnes


Innate Abilities, Weirdness & Mutations

You have a pair of horns on your head.
You are mostly covered in rough black scales (AC +7, Dex -2).
Your magical and physical power is slightly enhanced at high health.
When hurt, damage is shared between your health and your magic reserves.
You have sharp fingernails.
You are agile. (Dex +2)
You can breathe flames.
Your spells are a little harder to cast, but a little more powerful.


Message History

The ogre mage seems to speed up.
Drink which item? (? for menu, Esc to quit)
You feel very mighty all of a sudden.
You feel sick. You block Agnes's attack.
Agnes hits you with a lajatang of venom.
* * * LOW HITPOINT WARNING * * *
Evoke which item? (* to show all) (? for menu, Esc to quit)
Zapping:
L - a wand of draining {zapped: 9} (will waste charges)
Press: ? - help, Shift-Dir - straight line, f - Agnes
Aim: Agnes, wielding a lajatang of venom and wearing a robe (moderately wounded) Nothing appears to happen.
You feel sick. You block Agnes's attack.
Evoke which item? (* to show all) (? for menu, Esc to quit)
Zapping:
h - a wand of hasting {zapped: 5} (will waste charges)
Press: ? - help, Shift-Dir - straight line, f - you, p - Agnes Nothing appears to happen.
You feel sick.
Agnes hits you with a lajatang of venom!
* * * LOW HITPOINT WARNING * * *
You are more poisoned.
Agnes hits you with a lajatang of venom!
You die...

########......#####.##.##........
...# #......##..........(......
...# #......##.##.##.##........
...# #......##.##.##.##........
...#####......##.##..#.##........
.......#......##...#......#######
.......#......####.#..=##.#*
............≈.####O#...##{# { ,
.......#........@iO....##.#{ ,
#..[...#......######...#..{ , ,
#......#.<....# #...#...,* {
#...[..#......## ##..##### {,
####...........#* * ##... , , ,
#####.######.#,, ,,....#* ,* ,,
#..#.........#, ,,, ...# ,
#..#..########, , ,,.... , ,
###.##..# * , ,,,, * ,*


You could see Agnes, an ogre mage and an ogre.

Vanquished Creatures
  Rupert (D:15)
  Gastronok (D:8)
  A dire elephant (D:15)
  Snorg (D:13)
  3 hydras
  Erica (D:8)
  A catoblepas (D:13)
  3 tengu warriors
  3 centaur warriors
  An unseen horror (D:10)
  Pikel (D:4)
  The ghost of eriseo the Skirmisher, a novice HOHu (D:8)
  5 hill giants
  4 ugly things (D:14)
  A manticore (D:15)
  An orc knight (D:14)
  3 cyclopes
  A centaur zombie (D:14)
  Maurice (D:8)
  Joseph (D:7)
  4 molten gargoyles (D:12)
  4 centaur skeletons
  An efreet (D:12)
  A jumping spider (shapeshifter) (D:13)
  A tengu conjurer (D:14)
  Grinder (D:3)
  Prince Ribbit (D:9)
  7 slime creatures
  2 two-headed ogres
  A trapdoor spider (D:11)
  4 deep elf magi
  2 water elementals
  12 yaks
  3 hippogriffs
  A wraith (D:13)
  12 humans
  A mottled dragon (D:14)
  3 hungry ghosts
  A wyvern (D:14)
  A warg (D:10)
  A shadow (D:14)
  A golden eye (shapeshifter) (D:12)
  A fire elemental (D:13)
  2 steam dragons
  6 sky beasts
  Duvessa (D:7)
  5 orc warriors
  6 phantoms
  2 black bears
  5 ice beasts
  An eye of draining (D:15)
  A wasp (D:10)
  A slave (D:4)
  12 centaurs
  2 necrophages
  4 ogres
  2 crocodiles
  4 big kobolds
  4 giant frogs
  Blork the orc (D:6)
  A wyvern zombie (D:11)
  6 scorpions
  Dowan (D:7)
  A wyvern skeleton (D:9)
  12 killer bees
  12 wights
  11 crimson imps
  2 giant frog zombies
  4 hounds
  A quasit (D:8)
  2 jellies
  3 giant frog skeletons
  Ijyb (D:3)
  Jessica (D:2)
  2 iguanas
  6 orc priests
  16 orc wizards
  Natasha (D:3)
  3 sheep (D:13)
  A killer bee zombie (D:7)
  3 worker ants
  A hound zombie (D:7)
  3 hound skeletons
  Robin (D:4)
  6 gnolls
  7 shadow imps
  10 adders
  4 oozes
  An adder skeleton (D:8)
  6 worms
  10 giant geckos
  52 orcs
  9 bats
  14 hobgoblins
  3 jackals (D:4)
  5 quokkas
  2 ball pythons (D:1)
  3 giant cockroaches
  3 giant newts
  14 goblins
  27 kobolds
  2 quokka skeletons
  8 rats
441 creatures vanquished.

Vanquished Creatures (others)
  A slime creature (D:12)
  Natasha (twice) (D:4)
  A giant gecko (D:4)
  5 orcs
9 creatures vanquished.

Grand Total: 450 creatures vanquished

Notes
Turn   | Place    | Note
--------------------------------------------------------------
     0 | D:1      | GeneralIdiocy the Demonspawn Gladiator began the quest for the Orb.
     0 | D:1      | Reached XP level 1. HP: 16/16 MP: 1/1
   243 | D:1      | Gained mutation: You are partially covered in rough black scales (AC +4, Dex -1). [demonic ancestry]
   243 | D:1      | Reached XP level 2. HP: 21/23 MP: 2/2
   459 | D:1      | Reached skill level 3 in Fighting
   980 | D:2      | Reached XP level 3. HP: 27/29 MP: 3/3
  1527 | D:2      | Noticed Jessica
  1531 | D:2      | Killed Jessica
  1531 | D:2      | Reached skill level 4 in Fighting
  1531 | D:2      | Reached XP level 4. HP: 36/38 MP: 4/4
  1574 | D:2      | Found a shadowy altar of Dithmenos.
  1729 | D:2      | Found a sparkling altar of Nemelex Xobeh.
  1729 | D:2      | Found a glowing silver altar of Zin.
  1810 | D:2      | Found a faded altar to an unknown god.
  1952 | D:3      | Noticed a centaur
  1958 | D:3      | Killed a centaur
  1958 | D:3      | Reached skill level 5 in Fighting
  1958 | D:3      | Reached skill level 1 in Armour
  1958 | D:3      | Reached XP level 5. HP: 32/44 MP: 5/5
  2045 | D:3      | Noticed Ijyb
  2053 | D:3      | Killed Ijyb
  2653 | D:3      | Noticed Natasha
  2655 | D:3      | Found a snail-covered altar of Cheibriados.
  2659 | D:3      | Killed Natasha
  2700 | D:3      | Reached XP level 6. HP: 48/52 MP: 6/6
  2858 | D:3      | Noticed Grinder
  3071 | D:3      | Paralysed by Grinder for 4 turns
  3083 | D:3      | Killed Grinder
  3083 | D:3      | Reached skill level 6 in Fighting
  3144 | D:4      | Noticed Robin
  3165 | D:4      | Killed Robin
  3223 | D:4      | Found a shattered altar of Ashenzari.
  3244 | D:4      | Found a glowing golden altar of the Shining One.
  3364 | D:4      | Noticed Pikel
  3389 | D:4      | Killed Pikel
  3389 | D:4      | Reached skill level 8 in Fighting
  3389 | D:4      | Gained mutation: When hurt, damage is shared between your health and your magic reserves. [demonic ancestry]
  3389 | D:4      | Reached XP level 7. HP: 44/62 MP: 7/7
  3492 | D:4      | Found a staircase to the Ecumenical Temple.
  3660 | D:4      | Killed Natasha
  3702 | D:4      | Found a bloodstained altar of Trog.
  3871 | D:4      | Killed Natasha
  3921 | D:4      | Gained mutation: You have a pair of small horns on your head. [demonic ancestry]
  3921 | D:4      | Reached XP level 8. HP: 63/68 MP: 7/9
  4017 | D:4      | Became a worshipper of Ashenzari the Shackled
  4247 | D:4      | Found a stormy altar of Qazlal.
  4354 | D:5      | Entered Level 5 of the Dungeon
  4379 | D:5      | Found a deep blue altar of Sif Muna.
  4404 | D:5      | Reached skill level 1 in Spellcasting
  4806 | D:5      | Identified the ring "Loriuriorr" {-Tele rN+ Str+6 Int+4 Stlth+}
  5302 | D:5      | Reached skill level 9 in Fighting
  5464 | D:6      | Noticed Blork the orc
  5474 | D:6      | Killed Blork the orc
  5666 | D:6      | Reached * piety under Ashenzari
  5807 | D:6      | Reached skill level 5 in Armour
  5881 | D:6      | Reached XP level 9. HP: 46/78 MP: 13/13
  6321 | D:6      | Reached skill level 10 in Fighting
  6642 | D:7      | Found a radiant altar of Vehumet.
  6642 | D:7      | Noticed Dowan
  6696 | D:7      | Noticed Duvessa
  6806 | D:6      | Reached skill level 5 in Spellcasting
  6848 | D:7      | Noticed Joseph
  6855 | D:8      | Noticed Maurice
  6886 | D:8      | Killed Maurice
  7144 | D:8      | Noticed eriseo's ghost (novice HOHu)
  7160 | D:6      | Reached skill level 5 in Long Blades
  7167 | D:7      | Paralysed by Joseph for 2 turns
  7196 | D:7      | Paralysed by Joseph for 6 turns
  7227 | D:7      | Killed Joseph
  7535 | D:7      | Reached XP level 10. HP: 80/85 MP: 17/17
  7566 | D:7      | Killed Dowan
  7570 | D:7      | Killed Duvessa
  7829 | D:7      | Found a blossoming altar of Fedhas.
  7837 | D:7      | Found a basalt altar of Yredelemnul.
  8061 | D:8      | Noticed Erica
  8071 | D:8      | Killed Erica
  8417 | D:8      | Noticed Gastronok
  8438 | D:8      | Killed Gastronok
  8438 | D:8      | Reached skill level 10 in Long Blades
  8584 | D:8      | Reached ** piety under Ashenzari
  8597 | D:8      | Killed eriseo's ghost
  8597 | D:8      | Gained mutation: You are mostly covered in rough black scales (AC +7, Dex -2). [demonic ancestry]
  8597 | D:8      | Reached XP level 11. HP: 52/90 MP: 15/18
  9145 | D:9      | Reached skill level 1 in Shields
  9206 | D:9      | Reached skill level 11 in Long Blades
  9312 | D:9      | Found a staircase to the Lair.
  9467 | D:9      | Noticed Prince Ribbit
  9539 | D:9      | Killed Prince Ribbit
  9645 | D:9      | Gained mutation: You have sharp fingernails. [potion of mutation]
  9645 | D:9      | Gained mutation: You are agile. (Dex +2) [potion of mutation]
  9645 | D:9      | Gained mutation: Your spells are a little harder to cast, but a little more powerful. [potion of mutation]
  9810 | D:9      | Found an ancient bone altar of Kikubaaqudgha.
  9989 | D:9      | Gained mutation: You can breathe flames. [potion of beneficial mutation]
 10011 | D:10     | Entered Level 10 of the Dungeon
 10011 | D:10     | Reached *** piety under Ashenzari
 10099 | D:10     | Noticed a hill giant
 10111 | D:10     | Killed a hill giant
 10729 | D:10     | Paralysed by a wasp for 3 turns
 10737 | D:10     | Noticed an unseen horror
 10752 | D:10     | Killed an unseen horror
 10944 | D:10     | Reached skill level 5 in Shields
 11316 | D:11     | Reached skill level 12 in Long Blades
 11340 | D:11     | Found a staircase to the Orcish Mines.
 11386 | D:11     | Noticed a five-headed hydra
 11393 | D:11     | Killed a one-headed hydra
 11436 | D:11     | Reached **** piety under Ashenzari
 11629 | D:11     | Found a shimmering altar of Xom.
 11655 | D:11     | Identified the +3 short sword of the Present {pain, rN+}
 11874 | D:11     | Gained mutation: Your magical and physical power is slightly enhanced at high health. [demonic ancestry]
 11874 | D:11     | Reached XP level 12. HP: 88/96 MP: 19/19
 13244 | D:13     | Reached skill level 13 in Long Blades
 13322 | D:13     | Noticed a catoblepas
 13323 | D:13     | Noticed a centaur warrior
 13353 | D:13     | Killed a catoblepas
 13367 | D:13     | Killed a centaur warrior
 13738 | D:13     | Noticed a centaur warrior
 13749 | D:13     | Killed a centaur warrior
 13804 | D:13     | Noticed Snorg
 13851 | D:13     | Killed Snorg
 14236 | D:13     | Noticed a seven-headed hydra
 14246 | D:13     | Killed a four-headed hydra
 14246 | D:13     | Reached skill level 14 in Long Blades
 14487 | D:14     | Found a gate to the Vaults.
 14709 | D:14     | Reached ***** piety under Ashenzari
 14829 | D:14     | Gained mutation: You have a pair of horns on your head. [demonic ancestry]
 14829 | D:14     | Reached XP level 13. HP: 47/103 MP: 13/20
 15279 | D:14     | Noticed a centaur warrior
 15284 | D:14     | Killed a centaur warrior
 15885 | D:15     | Entered Level 15 of the Dungeon
 15950 | D:15     | Noticed Rupert
 15989 | D:15     | Killed Rupert
 16041 | D:14     | Reached skill level 10 in Shields
 16048 | D:14     | Reached skill level 15 in Long Blades
 16522 | D:15     | Noticed a dire elephant
 16540 | D:15     | Killed a dire elephant
 16732 | D:15     | Found a staircase to the Depths.
 16769 | D:15     | Noticed Agnes
 16788 | D:15     | HP: 1/103 [Agnes/lajatang of venom (8)]
 16788 | D:15     | Mangled by Agnes

Action                   |  1- 3 |  4- 6 |  7- 9 | 10-12 | 13-15 || total
-------------------------+-------+-------+-------+-------+-------++-------
Melee: Long sword        |    89 |   197 |   119 |     2 |       ||   407
       Falchion          |       |       |   439 |    21 |       ||   460
       Great sword       |       |       |       |   265 |       ||   265
       Scimitar          |       |       |       |   530 |   236 ||   766
Throw: Throwing net      |     2 |     7 |     2 |     1 |       ||    12
Evoke: Wand              |       |       |     1 |     8 |    10 ||    19
  Use: Scroll            |     9 |     3 |     5 |    25 |     1 ||    43
       Potion            |       |       |     2 |     6 |     2 ||    10
 Stab: Sleeping          |     1 |       |     1 |     3 |     4 ||     9
       Held in net/web   |       |     2 |       |       |       ||     2
       Distracted        |       |       |       |       |     1 ||     1
  Eat: Chunk             |     2 |     6 |     6 |    12 |       ||    26
       Beef jerky        |       |       |     2 |     8 |       ||    10
       Royal jelly       |       |       |     1 |       |       ||     1
       Pizza             |       |       |     1 |       |       ||     1
       Meat ration       |       |       |     2 |     1 |     1 ||     4
       Fruit             |       |       |       |     4 |       ||     4
       Bread ration      |       |       |       |       |     1 ||     1
